Map: King's Cove LE

Players

Bananane - Winner!

  • Race: Terran Terran
  • League: Master
  • Spawn Location: 11:00

Mez

  • Race: Terran Terran
  • League: Master
  • Spawn Location: 5:00

VOD

Have the link to the VOD?

Description

Time

  • Played on: Aug. 12, 2019, 9:18 a.m.
  • Length: 7:58
Show
View Real Time Build Order
Export as new Build Order

Bananane Terran - Winner!

Build Orders: Hellion Opening, Reaper Expand 

Get SALT Encoding   

  12  0:00  SCV  
  13  0:12  SCV  
  14  0:18  Supply Depot  
  14  0:25  SCV  
  15  0:38  Refinery  
  15  0:40  SCV  
  16  0:45  Barracks  
  16  0:52  SCV  
  17  1:04  SCV  
  18  1:16  SCV  
  19  1:32  Reaper, Orbital Command  
  20  1:44  Command Center  
  20  1:58  Factory  
  20  1:59  SCV  
  21  2:11  SCV  
  21  2:12  Supply Depot  
  21  2:15  Barracks Reactor  
  22  2:18  Refinery  
  22  2:23  SCV  
  23  2:38  SCV  
  24  2:48  Starport  
  24  2:56  Hellion x2  
  24  2:57  Orbital Command, Barracks Tech Lab  
  28  3:17  Concussive Shells, Hellion x2, Marauder  
  34  3:25  Medivac  
  36  3:34  SCV  
  36  3:35  SCV  
  36  3:38  Hellion x2  
  36  3:40  Marauder  
  44  3:47  Supply Depot  
  44  3:49  SCV  
  44  3:51  SCV  
  46  3:56  Starport Tech Lab  
  46  4:09  SCV x2  
  48  4:11  Siege Tank  
  48  4:12  Marine x2  
  48  4:13  Supply Depot  
  52  4:32  Marine x2  
  52  4:34  Raven  
  52  4:36  Refinery  
  56  4:39  SCV x2  
  56  4:40  Refinery  
  54  4:57  SCV  
  51  5:04  SCV  
  50  5:08  Marine  
  50  5:09  SCV  
  48  5:14  Marine  
  48  5:18  Raven  
  48  5:20  SCV  
  50  5:21  SCV  
  50  5:26  Marine, Barracks  
  50  5:27  Siege Tank, Command Center, Barracks  
  53  5:33  SCV  
  53  5:34  SCV  
  53  5:35  Marine  
  56  5:45  SCV  
  56  5:46  SCV  
  56  5:49  Supply Depot  
  58  5:50  Supply Depot  
  58  5:57  SCV  
  58  5:58  SCV, Marine x2  
  62  6:10  Raven  
  62  6:11  Siege Tank, SCV x2  
  69  6:14  Barracks Reactor  
  69  6:15  Barracks Tech Lab  
  69  6:18  Marine  
  69  6:19  Marine  
  69  6:23  SCV x2  
  69  6:25  Supply Depot x2  
  73  6:35  SCV x2  
  73  6:36  Marine x2  
  77  6:40  Orbital Command  
  77  6:44  Engineering Bay x2  
  77  6:47  SCV x2  
  77  6:48  Barracks  
  77  6:49  Barracks  
  73  7:05  Siege Tank, Banshee  
  66  7:11  Marine x2  
  66  7:12  Marine  
  64  7:20  SCV  
  59  7:26  Marine x2  
  52  7:32  SCV  
Show
View Real Time Build Order
Export as new Build Order

Mez Terran 

Build Orders: Reaper Expand 

Get SALT Encoding   

  12  0:02  SCV  
  13  0:14  SCV  
  14  0:18  Supply Depot  
  14  0:26  SCV  
  15  0:40  SCV  
  15  0:41  Barracks  
  16  0:45  Refinery  
  16  0:52  SCV  
  17  1:04  SCV  
  18  1:16  SCV  
  19  1:30  Reaper, Orbital Command  
  20  1:44  Command Center  
  20  1:54  Supply Depot  
  20  1:56  SCV  
  21  2:02  Marine  
  22  2:08  SCV  
  23  2:16  Factory  
  23  2:23  Barracks Reactor  
  23  2:25  SCV  
  23  2:28  Refinery  
  24  2:37  SCV  
  25  2:49  SCV  
  26  2:57  Orbital Command  
  26  3:00  Marine x2  
  26  3:01  Factory Tech Lab  
  26  3:04  Starport  
  28  3:07  Refinery  
  28  3:08  SCV  
  29  3:18  Marine x2  
  31  3:20  SCV  
  31  3:21  Cyclone  
  31  3:25  SCV  
  36  3:32  SCV  
  37  3:37  SCV  
  37  3:38  Marine x2  
  40  3:44  SCV, Starport Tech Lab  
  41  3:49  SCV  
  41  3:52  Supply Depot  
  42  3:56  SCV, Marine  
  42  4:01  SCV  
  45  4:09  SCV  
  46  4:13  Raven, Siege Tank, SCV  
  46  4:16  Supply Depot  
  52  4:21  SCV, Marine  
  54  4:25  Marine  
  54  4:26  SCV  
  53  4:33  SCV  
  53  4:36  Supply Depot  
  53  4:38  SCV  
  55  4:45  SCV  
  52  4:49  Siege Tank, Marine x2  
  52  4:50  SCV  
  54  4:57  SCV  
  51  5:07  Marine x2  
  47  5:15  Raven  
  47  5:16  SCV x2  
  50  5:24  Marine x2  
  51  5:28  SCV x2  
  51  5:30  Siege Tank  
  56  5:37  Command Center  
  56  5:39  Barracks  
  56  5:40  SCV x2  
  56  5:41  Barracks  
  58  5:44  Marine x2  
  58  5:48  Supply Depot  
  60  5:52  Engineering Bay, SCV  
  60  5:53  SCV  
  62  6:02  Marine x2  
  64  6:04  Raven  
  64  6:05  SCV x2  
  68  6:12  Refinery, Supply Depot  
  68  6:14  Siege Tank  
  68  6:15  Supply Depot  
  68  6:17  SCV x2  
  73  6:25  Marine x2  
  73  6:27  Barracks Reactor  
  73  6:28  Barracks Reactor  
  73  6:29  SCV  
  73  6:31  SCV  
  77  6:38  Supply Depot  
  77  6:39  Supply Depot  
  77  6:41  SCV  
  73  7:12  Marine x3  
  70  7:22  Marine x3  
  63  7:27  SCV x2  
  55  7:30  Marine x2  
Tags
 
Add a new tag
Caveats
  • Supply blocks, unpowered buildings, or Contaminate may cause inaccurate times.
  • Supply counts are checked every 10 seconds.